 Dungeon Crawl Stone Soup version 0.30.0-29-ga12c61a403 (webtiles) character file.

Game seed: 5067074593927885721

2447 qw the Cleaver (level 9, -2/57 HPs)
             Began as a Gargoyle Fighter on June 2, 2023.
             Slain by a wight
             ... wielding a +3 short sword of freezing
              (4 damage)
             ... on level 6 of the Dungeon.
             The game lasted 00:02:53 (5056 turns).

qw the Cleaver (Gargoyle Fighter)                   Turns: 5056, Time: 00:02:54

Health: -2/57      AC: 17    Str: 25    XL:     9   Next: 49%
Magic:  9/9        EV:  9    Int:  8    God:
Gold:   368        SH:  4    Dex:  9    Spells: 8/8 levels left

rFire   . . .        Y - +0 war axe
rCold   + . .        c - +0 buckler
rNeg    + . .        q - +0 chain mail
rPois   inf          a - +2 hat
rElec   +            (no cloak)
rCorr   .            (no gloves)
SInv    .            (no boots)
Will    .....        (no amulet) Stlth
                     j - ring of protection from cold
HPRegen 0.29/turn    (no ring)
MPRegen 0.11/turn

%: no passive effects
@: weakened
A: sickness immunity, AC +6, negative energy resistance 1, electricity
resistance, torment resistance 1, petrification resistance
a: no special abilities


You were on level 6 of the Dungeon.
You visited 1 branch of the dungeon, and saw 6 of its levels.

You collected 368 gold pieces.


Innate Abilities, Weirdness & Mutations

You are immune to sickness and miasma.
Your stone body is resilient. (AC +6)
You are immune to poison.
You resist negative energy. (rN+)
You are resistant to electric shocks. (rElec)
You are resistant to unholy torment.
You are immune to petrification.


   Skills:
 - Level 7.1 Fighting
 + Level 9.3 Axes
 - Level 1.7 Throwing
 - Level 4.0 Armour
 - Level 2.0 Dodging
 - Level 4.2 Shields


You had 8 spell levels left.
You didn't know any spells.
Your spell library was empty.

Inventory:

Hand Weapons
 f - a +0 flail
 Y - a +0 war axe (weapon)
Missiles
 b - a boomerang (quivered)
Armour
 a - a +2 hat (worn)
 c - a +0 buckler (worn)
 k - a +2 pair of gloves
 q - a +0 chain mail (worn)
Jewellery
 j - a ring of protection from cold (left hand)
Wands
 o - a wand of digging (5)
Scrolls
 h - 2 scrolls of identify
 i - a scroll of blinking {unknown}
Potions
 d - 2 potions of might
 e - a potion of haste
 g - a potion of curing
 n - a potion of cancellation
 p - a potion of mutation {unknown}

Dungeon Overview and Level Annotations

Branches:
Dungeon (6/15)
 Temple: D:4-7

Altars:
Hepliaklqana
Qazlal

Annotations:
D:3 2 runed translucent doors, qw's ghost, amateur GrFi


Message History

The gnoll bouda gazes fiercely through you!
You feel your attacks grow feeble.
You closely miss the wight.
The wight is moderately damaged.
You hit the wight.
The gnoll sergeant hits you from afar with a +0 trident.
The wight barely misses you. The wight completely misses you.
The gnoll bouda barks out a call to the hunt!
The gnoll sergeant picks up the pace!
The gnoll sergeant barely misses you. The wight hits you but does no damage.
You hit the wight but do no damage.
The wight is moderately damaged.
You hit the wight. The gnoll sergeant barely misses you.
The wight hits you with a +3 short sword of freezing.
The wight freezes you. The wight hits you with a +0 war axe!
You barely miss the wight.
The wight is moderately damaged.
You barely miss the wight.
The gnoll sergeant hits you from afar with a +0 trident!
You block the wight's attack.
The gnoll bouda gazes fiercely through you!
You feel as though you will be weak longer.
You block the wight's attack.
You hit the wight but do no damage.
The wight is moderately damaged.
You closely miss the wight. The gnoll sergeant barely misses you.
The wight completely misses you. The wight hits you with a +0 war axe.
You barely miss the wight.
The wight is moderately damaged.
You closely miss the wight.
The hound stops to sniff the ground.
The gnoll sergeant misses you.
You hit the wight.
The wight is heavily damaged.
You hit the wight but do no damage.
The gnoll sergeant hits you but does no damage.
The wight hits you with a +3 short sword of freezing.
You die...

#..)......#.##....
#.8.)8..8)######..
#.........# #%#
##'##'##'## ###.#
##..#..######....
##...##.# #....#.#
#...## #:.#####...
#..## .## #...
#@## # #...
#zzzh..# #...
#ggh...# #>..
#......# #...
#...###.. #...
#.[.# . #### #.:.#
####.


You could see a gnoll sergeant (swift), a gnoll bouda, 2 hounds and 3 wights.

Vanquished Creatures
  A troll (D:6)
  A wyvern (D:6)
  2 water moccasins (D:6)
  An ice beast (D:5)
  6 black bears
  A phantom (D:5)
  A bullfrog (D:6)
  2 scorpions (D:6)
  3 wights (D:6)
  3 hounds
  2 orc priests
  3 sleepcaps
  A gnoll bouda (D:6)
  8 iguanas
  Ijyb (D:4)
  5 orc wizards
  7 gnolls (D:6)
  6 adders
  2 shadow imps (D:6)
  A white imp (D:6)
  2 worms (D:2)
  3 dart slugs
  13 orcs
  2 ball pythons
  4 bats
  5 endoplasms
  5 giant cockroaches
  8 goblins
  3 hobgoblins
  3 jackals (D:5)
  3 frilled lizards (D:3)
  6 kobolds
  4 rats
118 creatures vanquished.

Notes
Turn   | Place    | Note
-------+----------+-------------------------------------------
     0 | D:1      | qw the Gargoyle Fighter began the quest for the Orb.
     0 | D:1      | Reached XP level 1. HP: 14/14 MP: 1/1
     0 | D:1      | 0 ||| qw: Version: 0.2-a-102-gdf20003
     0 | D:1      | 0 ||| qw: Game counter: 946
     0 | D:1      | 0 ||| qw: Always use a shield: true
     0 | D:1      | 0 ||| qw: God list: Okawaru
     0 | D:1      | 0 ||| qw: Allow faded altars: false
     0 | D:1      | 0 ||| qw: Do Orc after D:15 true
     0 | D:1      | 0 ||| qw: Do second Lair branch before Depths: true
     0 | D:1      | 0 ||| qw: Lair rune preference: random
     0 | D:1      | 0 ||| qw: Plans: Normal, Zot:1-4, Slime:5, God:TSO, Crypt,
                  | Tomb, Pan, Hells, Abyss, Win
     0 | D:1      | 0 ||| PLANNING D:1-11
    15 | D:1      | Reached skill level 2 in Axes
    92 | D:1      | Reached XP level 2. HP: 16/19 MP: 2/2
   415 | D:1      | 415 ||| READING scroll labelled QEXEZX GAME.
   416 | D:1      | 416 ||| READING scroll labelled HUWNOBBEEK.
   417 | D:1      | 417 ||| READING scroll labelled JULLEK NYNUKKUCVU.
   418 | D:1      | 418 ||| DRINKING 2 coppery potions.
   419 | D:1      | 419 ||| DROPPING potion of invisibility.
   449 | D:2      | Reached skill level 3 in Axes
   478 | D:2      | 478 ||| Stepping ~*~*~tactically~*~*~ (hiding).
   480 | D:2      | 480 ||| Stepping ~*~*~tactically~*~*~ (hiding).
   487 | D:2      | Reached XP level 3. HP: 23/23 MP: 3/3
   591 | D:2      | 591 ||| Stepping ~*~*~tactically~*~*~ (hiding).
   734 | D:2      | Found a hazy altar of Hepliaklqana.
   755 | D:2      | 755 ||| Stepping ~*~*~tactically~*~*~ (stealth).
   756 | D:2      | 756 ||| Stepping ~*~*~tactically~*~*~ (stealth).
  1012 | D:2      | 1012 ||| UPGRADING to +2 hat.
  1017 | D:2      | 1017 ||| UPGRADING to ring of protection from cold.
  1018 | D:2      | 1018 ||| READING scroll labelled WIEC UZXEAM.
  1019 | D:2      | 1019 ||| READING scroll labelled HATHICW BEGY.
  1035 | D:2      | 1035 ||| READING scroll labelled SEUQ OQAR ROL.
  1045 | D:3      | Found a faded altar of an unknown god.
  1073 | D:3      | 1073 ||| Stepping ~*~*~tactically~*~*~ (stealth).
  1095 | D:3      | 1095 ||| Stepping ~*~*~tactically~*~*~ (stealth).
  1097 | D:3      | 1097 ||| Stepping ~*~*~tactically~*~*~ (stealth).
  1149 | D:3      | HP: 4/23 [orc wizard/puff of flame (3)]
  1152 | D:3      | Reached skill level 4 in Axes
  1152 | D:3      | Reached XP level 4. HP: 6/28 MP: 4/4
  1181 | D:3      | 1181 ||| Stepping ~*~*~tactically~*~*~ (stealth).
  1379 | D:3      | 1379 ||| Stepping ~*~*~tactically~*~*~ (stealth).
  1422 | D:3      | Found a large runed translucent door.
  1423 | D:3      | Found a large runed translucent door.
  1480 | D:3      | Noticed qw's ghost (amateur GrFi)
  1816 | D:3      | 1816 ||| DRINKING 3 fuming sapphire potions.
  1856 | D:4      | 1856 ||| DROPPING +0 club.
  1876 | D:4      | HP: 6/28 [iguana (3)]
  1877 | D:4      | 1877 ||| DRINKING 2 potions of heal wounds.
  1880 | D:4      | Reached XP level 5. HP: 30/32 MP: 5/5
  1884 | D:4      | Reached skill level 5 in Axes
  2001 | D:4      | Noticed a black bear
  2009 | D:4      | Killed a black bear
  2010 | D:4      | Reached XP level 6. HP: 34/39 MP: 6/6
  2114 | D:4      | 2114 ||| DROPPING +3 hand axe.
  2152 | D:4      | Noticed Ijyb
  2176 | D:4      | Killed Ijyb
  2361 | D:4      | Noticed a black bear
  2372 | D:4      | Killed a black bear
  2494 | D:4      | Noticed a black bear
  2504 | D:4      | Killed a black bear
  2505 | D:4      | Reached XP level 7. HP: 41/44 MP: 7/7
  2590 | D:4      | 2590 ||| UPGRADING to +0 chain mail.
  2600 | D:4      | 2600 ||| DROPPING +0 scale mail.
  2601 | D:4      | 2601 ||| READING scroll labelled YPUROCZ DOLLU.
  2602 | D:4      | 2602 ||| READING 2 scrolls labelled CIRCHA AVIC.
  2703 | D:4      | 2703 ||| DRINKING 2 emerald potions.
  2704 | D:4      | 2704 ||| READING 2 scrolls of identify.
  2704 | D:4      | 2704 ||| IDENTIFYING brown potion
  2705 | D:4      | 2705 ||| DROPPING potion of magic.
  2706 | D:4      | 2706 ||| DROPPING scroll of silence.
  2738 | D:5      | Entered Level 5 of the Dungeon
  2770 | D:5      | 2770 ||| Stepping ~*~*~tactically~*~*~ (stealth).
  2796 | D:5      | 2796 ||| Stepping ~*~*~tactically~*~*~ (stealth).
  2798 | D:5      | 2798 ||| DRINKING potion of curing.
  2798 | D:5      | 2798 ||| (to cure confusion)
  2805 | D:5      | 2805 ||| Stepping ~*~*~tactically~*~*~ (stealth).
  2807 | D:5      | 2807 ||| Stepping ~*~*~tactically~*~*~ (stealth).
  2811 | D:5      | Reached skill level 6 in Axes
  2870 | D:5      | 2870 ||| Stepping ~*~*~tactically~*~*~ (stealth).
  2871 | D:5      | 2871 ||| Stepping ~*~*~tactically~*~*~ (stealth).
  3139 | D:5      | 3139 ||| Stepping ~*~*~tactically~*~*~ (stealth).
  3487 | D:5      | Found a stormy altar of Qazlal.
  3679 | D:5      | Reached skill level 7 in Axes
  3725 | D:5      | 3725 ||| DRINKING 2 smoky blue potions.
  3726 | D:5      | 3726 ||| READING 3 scrolls of identify.
  3726 | D:5      | 3726 ||| IDENTIFYING bubbling grey potion
  3727 | D:5      | 3727 ||| READING 2 scrolls of identify.
  3727 | D:5      | 3727 ||| IDENTIFYING orange potion
  3728 | D:5      | 3728 ||| DROPPING potion of brilliance.
  3781 | D:6      | Reached XP level 8. HP: 45/50 MP: 8/8
  3781 | D:6      | 3781 ||| STAIRDANCE
  3788 | D:5      | Reached skill level 1 in Throwing
  3944 | D:6      | 3944 ||| Stepping ~*~*~tactically~*~*~ (stealth).
  3946 | D:6      | 3946 ||| Stepping ~*~*~tactically~*~*~ (stealth).
  3947 | D:6      | 3947 ||| Stepping ~*~*~tactically~*~*~ (stealth).
  3963 | D:6      | 3963 ||| FLEEEEING.
  3965 | D:6      | 3965 ||| FLEEEEING.
  4008 | D:6      | 4008 ||| Stepping ~*~*~tactically~*~*~ (stealth).
  4009 | D:6      | 4009 ||| Stepping ~*~*~tactically~*~*~ (stealth).
  4034 | D:6      | Reached skill level 8 in Axes
  4138 | D:6      | 4138 ||| Stepping ~*~*~tactically~*~*~ (stealth).
  4140 | D:6      | 4140 ||| Stepping ~*~*~tactically~*~*~ (hiding).
  4142 | D:6      | 4142 ||| Stepping ~*~*~tactically~*~*~ (hiding).
  4162 | D:6      | HP: 10/51 [iguana (8)]
  4163 | D:6      | 4163 ||| DRINKING potion of heal wounds.
  4171 | D:6      | Reached skill level 6 in Fighting
  4269 | D:6      | 4269 ||| DROPPING +0 whip.
  4595 | D:6      | Reached XP level 9. HP: 55/55 MP: 9/9
  4764 | D:6      | Noticed a troll
  4775 | D:6      | Killed a troll
  4776 | D:6      | Reached skill level 9 in Axes
  5036 | D:6      | Identified the +7 flail of Tulumisk {heavy, rC++ Stlth+}
  5053 | D:6      | HP: 7/57 [gnoll sergeant/+0 trident (8)]
  5054 | D:6      | HP: 1/57 [wight/+0 war axe (6)]
  5056 | D:6      | Slain by a wight

Levels and vault maps discovered:
D:1:      psy_arrival_whirlpool, layout_rooms
D:2:      layout_rooms, basic_altar
D:3:      wander_river, layout_basic, ebering_ghost_disaster_area,
          basic_ecumenical_altar
D:4:      layout_loops_cross, uniq_ijyb
D:5:      layout_loops_ring, nicolae_qazlal_eye_of_the_storm, minivault_25
D:6:      minmay_chambers_of_threes, layout_rooms

Skill      XL: |  1  2  3  4  5  6  7  8  9 |
---------------+----------------------------+-----
Axes           | 2 3 4 5 7 8 9 |  9.3
Fighting       | 4 5 6 7 |  7.1
Dodging        | 2 |  2.0
Throwing       | 1 |  1.7
Shields        | 4 |  4.2
Armour         | 4 |  4.0

Action                     |  1- 3 |  4- 6 |  7- 9 || total
---------------------------+-------+-------+-------++-------
  Melee: War axe           |   120 |    89 |   311 ||   520
  Throw: Boomerang         |       |       |    41 ||    41
    Use: Scroll            |     6 |       |     5 ||    11
         Potion            |     1 |     2 |     4 ||     7
 Armour: Scale mail        |    82 |    70 |     2 ||   154
         Chain mail        |       |       |   231 ||   231
  Dodge: Dodged            |    41 |    55 |   123 ||   219
  Block: Buckler           |    16 |    14 |    45 ||    75

Table legend:
 A = Non-vault XP
 B = Vault XP
 C = Vault XP percentage of total XP
 D = Non-vault monster count
 E = Vault monster count
 F = Vault count percentage of total count
                 A         B        C        D         E       F
            +---------+---------+-------+---------+---------+-------
      Total |    2836 |     661 |  18.9 |     109 |       9 |   7.6
            +---------+---------+-------+---------+---------+-------
        D:1 |      25 |       0 |   0.0 |      13 |       0 |   0.0
        D:2 |      27 |       0 |   0.0 |      10 |       0 |   0.0
        D:3 |      96 |       0 |   0.0 |      23 |       0 |   0.0
        D:4 |     551 |      36 |   6.1 |      14 |       1 |   6.7
        D:5 |     571 |       0 |   0.0 |      19 |       0 |   0.0
        D:6 |    1566 |     625 |  28.5 |      30 |       8 |  21.1
            +---------+---------+-------+---------+---------+-------
